 Dungeon Crawl Stone Soup version 0.31-a0-431-g88bdf31460 (webtiles) character file.

Game seed: 12314935853899726487

2 lunkers the Ruffian (level 1, 0/16 HPs)
             Began as a Meteoran Shapeshifter on July 31, 2023.
             Slain by a quokka (2 damage)
             ... on level 1 of the Dungeon.
             The game lasted 00:00:10 (21 turns).

lunkers the Ruffian (Meteoran Shapeshifter)           Turns: 21, Time: 00:00:11

Health: 0/16       AC:  2    Str: 16    XL:     1   Next: 42%
Magic:  2/2        EV: 12    Int:  9    God:
Gold:   0          SH:  0    Dex: 14    Spells: 0/0 levels left

rFire   . .          .
                       - Unarmed
rCold   . . .        (no shield)
rNeg    . . .        a - +0 animal skin
rPois   .            (helmet currently unavailable)
rElec   .            (cloak currently unavailable)
rCorr   .            (gloves currently unavailable)
SInv    .            (boots currently unavailable)
Will    .....        (no amulet)
Stlth   +            (no ring)
HPRegen 0.22/turn    (no ring)
MPRegen 0.08/turn

%: no passive effects
@: beast-form, glowing
A: beast (slay +2), sense surroundings 1, otherworldly, glowing, explore regen
a: Begin Untransformation


You were on level 1 of the Dungeon.
You were a hulking beast.
You visited 1 branch of the dungeon, and saw 1 of its levels.

Inventory:

Armour
 a - a +0 animal skin (worn)
Talismans
 c - a beast talisman (active)
Potions
 b - a potion of lignification


   Skills:
 - Level 1.1 Fighting
 - Level 2.4 Dodging
 + Level 3.8 Unarmed Combat
 - Level 3.6 Shapeshifting


You couldn't memorise any spells.
You didn't know any spells.
Your spell library was empty.

Dungeon Overview and Level Annotations

Branches:
Dungeon (1/15) Zot: 578

Altars:


Innate Abilities, Weirdness & Mutations

You are a hulking beast.
Your limbs bulge with bestial killing power. (Slay +2)
You passively map a small area around you.
You are easily found by Zot.
You glow in the dark.
You regain HP and MP as you explore.


Message History

A bat comes into view.
A goblin comes into view. It is wielding a +0 club.
There is an open door here.
There are monsters nearby!
You barely miss the goblin. The bat hits you.
The goblin hits you with a +0 club.
There are monsters nearby!
You hit the bat but do no damage. The bat barely misses you.
You hit the goblin.
You kill the goblin!
The bat completely misses you.
You closely miss the bat. The bat hits you.
You punch the goblin!
You kill the goblin!
A hobgoblin comes into view.
The quokka bites you.
You hit the quokka.
The quokka is lightly wounded.
The quokka barely misses you. The bat hits you.
* * * LOW HITPOINT WARNING * * *
You barely miss the quokka.
The quokka is lightly wounded.
The bat closely misses you. The quokka bites you.
* * * LOW HITPOINT WARNING * * *
You closely miss the quokka.
The quokka is lightly wounded.
The bat closely misses you. The quokka misses you. The bat closely misses you.
Unknown command.
You hit the bat.
The bat is moderately wounded.
The quokka closely misses you. The bat closely misses you.
You closely miss the bat.
The bat is moderately wounded.
The bat hits you but does no damage. The quokka bites you.
* * * LOW HITPOINT WARNING * * *
The quokka closely misses you.
You hit the quokka.
The quokka is almost dead.
The bat closely misses you. The quokka bites you.
You die...

* ....# .......#, * *
,......#, * * ,
......# * ,* #######,
.....#
###(..(.###.....#
##...(..((.##g...###.
+...((8(....'br......
,* *
#..(.((.((##h#####.
###((.((###.)# *
###'### #...
##(..(.####### * * *
#...<...# , ##.....##
** * ####### * * ,


You could see a quokka, a hobgoblin and a bat.

Vanquished Creatures
  2 goblins (D:1)
2 creatures vanquished.

Notes
Turn   | Place    | Note
-------+----------+-------------------------------------------
     0 | D:1      | lunkers the Meteoran Shapeshifter began the quest for the
                  | Orb.
     0 | D:1      | Reached XP level 1. HP: 16/16 MP: 2/2
    21 | D:1      | Slain by a quokka

Illustrated notes

Levels and vault maps discovered:
D:1:      minmay_arrival_shattered_statue, layout_loops_ring, serial_shops,
          nicolae_diamond_shop, kennysheep_nondescript

Action                     || total
---------------------------++-------
  Melee: Unarmed           ||    11
 Armour: Animal skin       ||     1
  Dodge: Dodged            ||    11

Table legend: (Time is in decaauts)
 A = Elapsed time spent in this place.
 B = Non-inter-level travel time spent in this place.
 C = Inter-level travel time spent in this place.
 D = Time resting spent in this place.
 E = Time spent auto-exploring this place.
 F = Levels seen in this place.
 G = Mean time per level.
                   A        B        C        D        E       F      G
               +--------+--------+--------+--------+--------+-----+--------+
         Total |     20 |     20 |      0 |      0 |      7 |   1 |   20.0 |
       Dungeon |     20 |     20 |      0 |      0 |      7 |   1 |   20.0 |
               +--------+--------+--------+--------+--------+-----+--------+

Top non-repeatable levels by time:
     D:1: 20 daAuts
